 Dungeon Crawl Stone Soup version 0.31-a0-977-gc230f8ef24 (webtiles) character file.

Game seed: 900374795748404455

8139 sammy202020 the Fighter (level 11, -13/103 HPs)
             Began as a Minotaur Berserker on Oct 30, 2023.
             Was a High Priest of Trog.
             Mangled by a +2 spectral giant club (21 damage)
             ... created by Erolcha
             ... on level 9 of the Dungeon.
             The game lasted 00:16:30 (8843 turns).

sammy202020 the Fighter (Minotaur Berserker)        Turns: 8843, Time: 00:16:30

Health: -13/103    AC: 20    Str: 29    XL:     11   Next: 6%
Magic:  10/10      EV: 10    Int:  8    God:    Trog [*****.]
Gold:   622        SH:  0    Dex:  9    Spells: 10/10 levels left

rFire   . . .        C - +8 frozen axe "Frostbite" {freeze, freezing cloud, *Noise Fly rC+}
rCold   + . .        (shield currently unavailable)
rNeg    . . .        n - +1 plate armour
rPois   +            (helmet restricted)
rElec   .            i - +0 cloak
rCorr   .            u - +0 pair of gloves
SInv    .            y - +0 pair of boots {Fly}
Will    +++..        b - amulet of regeneration Stlth
                     m - ring of poison resistance
HPRegen 2.17/turn    a - +6 ring of strength
MPRegen 0.12/turn

%: no passive effects
@: strong-willed, enlightened, flying, regenerating
A: horns 2, retaliatory headbutt
a: Renounce Religion, Berserk, Trog's Hand, Brothers in Arms


You were on level 9 of the Dungeon.
You worshipped Trog.
Trog was extremely pleased with you.
You visited 1 branch of the dungeon, and saw 9 of its levels.
You also visited: Bailey.

You collected 622 gold pieces.

Inventory:

Hand Weapons
 c - a +3 mace
 h - a +0 sling
 k - a +0 war axe of chaos
 C - the +8 frozen axe "Frostbite" (weapon) {freeze, freezing cloud, *Noise Fly rC+}
   (You acquired it on level 8 of the Dungeon)

   rC+:       It protects you from cold.
   Fly:       It grants you flight.
   *Noise:    It may make a loud noise when swung.
Missiles
 q - 24 boomerangs (quivered)
Armour
 i - a +0 cloak (worn)
 n - a +1 plate armour (worn)
 u - a +0 pair of gloves (worn)
 y - a +0 pair of boots of flying (worn)
Jewellery
 a - a +6 ring of strength (right hand)
 b - an amulet of regeneration (around neck)
 m - a ring of poison resistance (left hand)
 w - a ring of flight
 x - the ring "Pisanuo" {Fire rCorr Str-5 Int+7}
   (You found it on level 7 of the Dungeon)

   [ring of fire]

   Fire:      It enhances your fire magic.
   Str-5:     It affects your strength (-5).
   Int+7:     It affects your intelligence (+7).
   rF+:       It protects you from fire.
   rC-:       It makes you vulnerable to cold.
   rCorr:     It protects you from acid and corrosion.
 B - a +6 ring of strength
 I - a +6 ring of dexterity
Wands
 g - a wand of roots (19)
 t - a wand of flame (13)
 F - a wand of mindburst (6)
Scrolls
 f - 3 scrolls of teleportation
 l - a scroll of fog
 o - a scroll of vulnerability
 A - 2 scrolls of identify
 D - 3 scrolls of torment {unknown}
 G - a scroll of enchant weapon {unknown}
 H - a scroll of revelation
Potions
 d - 3 potions of curing
 e - 3 potions of magic
 r - a potion of haste
 s - 3 potions of resistance
 v - 3 potions of enlightenment
 z - a potion of lignification
 E - a potion of heal wounds
Miscellaneous
 j - a sack of spiders


   Skills:
 * Level 11.6 Fighting
 * Level 11.4 Axes
 * Level 11.1 Armour
 + Level 7.6 Dodging


You had 10 spell levels left.
You didn't know any spells.
Your spell library was empty.

Dungeon Overview and Level Annotations

Branches:
Dungeon (9/15)             Temple (0/1) D:6             Orc (0/2) D:9
 Bailey (visited)
   Lair: D:8-11

Altars:
Cheibriados
The Shining One

Shops:
D:4 *   D:8 =

Annotations:
D:9 Erolcha


Innate Abilities, Weirdness & Mutations

You have a pair of horns on your head.
You reflexively headbutt those who attack you in melee.


Message History

No target in view!
You hear a zap.
Your will is overpowered!
You are confused.
You miss something.
You hear a zap.
Something tries to affect you, but you resist.
Unknown command.
Something hits you!! The +2 spectral giant club misses you.
A +2 spectral giant club comes into view.
You closely miss the +2 spectral giant club.
You miss something. Something hits you!! The +2 spectral giant club hits you.
You completely miss the +2 spectral giant club.
Your headbutt misses the +2 spectral giant club.
You slice something!! You freeze something! Something hits you.
The +2 spectral giant club hits you!
You miss something.
You barely miss the +2 spectral giant club.
You feel less confused. Something hits you!
The +2 spectral giant club hits you!
* * * LOW HITPOINT WARNING * * *
There is an open door here.
You feel much better.
The +2 spectral giant club disappears.
You feel more buoyant.
You hear a zap.
Something tries to affect you, but you resist.
You hear some strange, mumbled words.
Something tries to affect you, but you resist.
You hear a zap.
Something tries to affect you, but you resist.
Something hits you!!
* * * LOW HITPOINT WARNING * * *
The +2 spectral giant club hits you.
* * * LOW HITPOINT WARNING * * *
A +2 spectral giant club comes into view.
Your skin crawls.
You feel strong-willed. Something hits you!
* * * LOW HITPOINT WARNING * * *
The +2 spectral giant club hits you!!
You die...

#######8'8#####8'8###
#......8..))).#
#.............#
#...⌠.._..⌠...#
#.............###
#......>......#.#
################.#
#..########.####.#
##.###...(@.........#.#
..........######.##.#.#
##.###...## #.##.#.#
#.####.## #.##.#.#
#......# #......#
######.# ##.##### ##'##
#.# ##...## #.# #.....#
#.#


You could see a +2 spectral giant club (wandering).

Vanquished Creatures
  2 two-headed ogres
  The ghost of BlueFish the Covert, a novice OpSh (D:7)
  Pikel (D:8)
  Joseph (D:9)
  Jeremiah (D:6)
  The ghost of soul19 the Chiller, an amateur GnIE (D:4)
  A wyvern (D:8)
  2 vampires (D:9)
  A wraith (D:8)
  2 steam dragons
  Menkaure (D:7)
  2 acid dragons
  4 ice beasts
  A sky beast (D:8)
  7 orc warriors
  2 black bears
  An ogre (D:4)
  2 centaurs
  A phantom (D:6)
  4 lemures (D:8)
  3 kobold brigands (D:7)
  2 bullfrogs
  4 scorpions
  5 wights (D:8)
  3 killer bees (D:9)
  2 howler monkeys
  3 hounds
  6 orc priests
  2 jellies
  A gnoll bouda (D:9)
  Jessica (D:3)
  3 sleepcaps
  Terence (D:2)
  3 iguanas
  14 orc wizards
  Robin (D:3)
  11 adders
  7 gnolls
  3 shadow imps
  10 white imps
  2 ufetubi (D:6)
  3 dart slugs
  57 orcs
  4 ball pythons
  4 endoplasms
  9 giant cockroaches
  12 goblins
  7 hobgoblins
  10 jackals
  26 kobolds
  2 quokkas (D:1)
  12 bats
  5 frilled lizards
  6 rats
282 creatures vanquished.

Notes
Turn   | Place    | Note
-------+----------+-------------------------------------------
     0 | D:1      | sammy202020 the Minotaur Berserker began the quest for the
                  | Orb.
     0 | D:1      | Reached XP level 1. HP: 19/19 MP: 0/0
    61 | D:1      | Reached XP level 2. HP: 20/27 MP: 1/1
   484 | D:1      | Reached XP level 3. HP: 33/33 MP: 2/2
   559 | D:1      | Reached ** piety under Trog
  1052 | D:2      | Noticed Terence
  1059 | D:2      | Killed Terence
  1234 | D:2      | Reached XP level 4. HP: 41/41 MP: 3/3
  1920 | D:2      | Found a glowing golden altar of the Shining One.
  2289 | D:3      | Reached XP level 5. HP: 46/47 MP: 4/4
  2385 | D:3      | Found a snail-covered altar of Cheibriados.
  2439 | D:3      | Noticed Jessica
  2443 | D:3      | Killed Jessica
  2444 | D:3      | Reached skill level 5 in Fighting
  2551 | D:3      | Noticed Robin
  2560 | D:3      | Killed Robin
  2563 | D:3      | You fall into a shaft and drop 1 floor!
  2610 | D:4      | Reached skill level 5 in Axes
  2718 | D:4      | Reached XP level 6. HP: 56/56 MP: 5/5
  2763 | D:4      | Noticed soul19's ghost (amateur GnIE)
  2764 | D:4      | Noticed an ice beast
  2767 | D:4      | Found a transporter.
  2785 | D:4      | Found a transporter.
  2793 | D:4      | Reached *** piety under Trog
  2816 | D:4      | Killed an ice beast
  2817 | D:4      | Reached skill level 5 in Armour
  2817 | D:4      | Reached XP level 7. HP: 63/63 MP: 6/6
  2824 | D:4      | Killed soul19's ghost
  3135 | D:4      | Found Higguham's General Store.
  3352 | D:5      | Entered Level 5 of the Dungeon
  3519 | D:5      | Reached XP level 8. HP: 55/73 MP: 7/7
  3752 | D:5      | Identified the amulet of Vehumet's Inspiration {Faith rN+}
  4469 | D:6      | Found a staircase to the Ecumenical Temple.
  4549 | D:6      | Noticed Jeremiah
  4626 | D:6      | Killed Jeremiah
  4627 | D:6      | Reached skill level 5 in Dodging
  4818 | D:6      | Reached **** piety under Trog
  5105 | D:7      | Reached XP level 9. HP: 82/82 MP: 8/8
  5300 | D:7      | Noticed Menkaure
  5303 | D:7      | Killed Menkaure
  5728 | D:7      | Noticed BlueFish's ghost (novice OpSh)
  5770 | D:7      | Found a runed translucent gate.
  5770 | D:7      | Found a runed translucent gate.
  5770 | D:7      | Found a runed translucent gate.
  5809 | D:7      | Noticed a two-headed ogre
  5816 | D:7      | Killed a two-headed ogre
  5894 | D:7      | Got the ring "Pisanuo" {Fire rCorr Str-5 Int+7}
  5903 | D:7      | Killed BlueFish's ghost
  5904 | D:7      | Reached skill level 10 in Fighting
  5904 | D:7      | Reached XP level 10. HP: 93/93 MP: 9/9
  6375 | D:8      | Found Zoupp's Jewellery Shoppe.
  6376 | D:8      | Noticed Pikel
  6382 | D:8      | Reached skill level 10 in Axes
  6418 | D:8      | Killed Pikel
  6453 | D:8      | Reached skill level 10 in Armour
  6579 | D:8      | Found a flagged portal.
  6588 | Bailey   | Entered a bailey
  6630 | Bailey   | Reached ***** piety under Trog
  7470 | D:8      | Identified a scroll of acquirement
  7470 | D:8      | Acquired the +8 frozen axe "Frostbite" {freeze, freezing
                  | cloud, *Noise Fly rC+}
  7470 | D:8      | Found the +8 frozen axe "Frostbite" {freeze, freezing
                  | cloud, *Noise Fly rC+}
  7673 | D:9      | Noticed a two-headed ogre
  7680 | D:9      | Killed a two-headed ogre
  8290 | D:9      | Found a staircase to the Orcish Mines.
  8355 | D:9      | Noticed Joseph
  8363 | D:9      | Killed Joseph
  8364 | D:9      | Reached XP level 11. HP: 93/103 MP: 10/10
  8568 | D:9      | Received a gift from Trog
  8821 | D:9      | Noticed Erolcha
  8843 | D:9      | Mangled by a +2 spectral giant club

Illustrated notes

Levels and vault maps discovered:
D:1:      lemuel_arrival_room, layout_loops_cross, minmay_misc_feat_enclosed
D:2:      minmay_inner_zag, layout_basic, basic_altar,
          small_statue_intersection, uniq_terence
D:3:      minmay_door_path, layout_loops_ring, cheibriados_altar_1,
          chequers_ecumenical_altar_island, kennysheep_pointless_box,
          serial_bayou_pond_c, minmay_ogre_servants, uniq_robin, uniq_jessica,
          uniq_sigmund
D:4:      layout_loops_ring, gammafunk_ghost_arena, serial_shops,
          nicolae_lakefront_shop, chequers_avenue
D:5:      layout_basic
D:6:      layout_gridville, minmay_temple_entry_mini_moons, minmay_holes,
          uniq_jeremiah
D:7:      layout_layer_cave, gammafunk_ghost_icy, uniq_menkaure
D:8:      layout_rooms, enter_bailey_3, serial_shops, nicolae_stop_n_shop_2,
          chequers_garden, uniq_pikel
D:9:      layout_loops_corners, david_orc_5, uniq_erolcha, uniq_joseph

Skill      XL: |  1  2  3  4  5  6  7  8  9 10 |
---------------+-------------------------------+-----
Fighting       | 4 5 6 7 8 10 11 | 11.6
Axes           | 4 5 6 8 9 11 | 11.4
Armour         | 3 4 5 6 7 9 11 | 11.1
Dodging        | 3 4 5 6 7 |  7.6

Action                     |  1- 3 |  4- 6 |  7- 9 | 10-12 || total
---------------------------+-------+-------+-------+-------++-------
  Melee: Hand axe          |    67 |   146 |    69 |       ||   282
         Headbutt          |    12 |    24 |    39 |    30 ||   105
         War axe           |       |       |   198 |   150 ||   348
         Executioner's axe |       |       |       |    62 ||    62
  Throw: Boomerang         |       |       |       |     2 ||     2
 Invoke: Berserk           |     1 |     1 |     3 |     3 ||     8
         Trog's Hand       |       |     1 |       |     1 ||     2
    Use: Scroll            |     5 |     2 |     8 |     5 ||    20
         Potion            |       |       |     2 |     2 ||     4
 Armour: Animal skin       |    36 |       |       |       ||    36
         Chain mail        |       |    62 |       |       ||    62
         Plate armour      |       |    58 |   273 |   207 ||   538
  Dodge: Dodged            |    52 |    58 |   107 |   134 ||   351

Table legend: (Time is in decaauts)
 A = Elapsed time spent in this place.
 B = Non-inter-level travel time spent in this place.
 C = Inter-level travel time spent in this place.
 D = Time resting spent in this place.
 E = Time spent auto-exploring this place.
 F = Levels seen in this place.
 G = Mean time per level.
                   A        B        C        D        E       F      G
               +--------+--------+--------+--------+--------+-----+--------+
         Total |   8966 |   8780 |    186 |   1501 |   5239 |  10 |  896.6 |
       Dungeon |   8436 |   8250 |    186 |   1398 |   5042 |   9 |  937.3 |
        Bailey |    529 |    529 |      0 |    103 |    197 |   1 |  529.0 |
               +--------+--------+--------+--------+--------+-----+--------+

Top non-repeatable levels by time:
     D:7: 1378 daAuts
     D:9: 1368 daAuts
     D:2: 1179 daAuts
     D:1: 1003 daAuts
     D:5: 975 daAuts
     D:4: 799 daAuts
     D:6: 710 daAuts
     D:8: 619 daAuts
  Bailey: 529 daAuts
     D:3: 402 daAuts
